 Dungeon Crawl Stone Soup version 0.21.1-1-g345015f (webtiles) character file.

20782 tidbits the Thaumaturge (level 12, -10/94 HPs)
             Began as a Gnoll Skald on June 22, 2018.
             Was a High Priest of Cheibriados.
             Splashed by an oklob plant's acid (11 damage)
             ... on level 1 of the Lair of Beasts.
             The game lasted 00:57:12 (3287 turns).

tidbits the Thaumaturge (Gnoll Skald)               Turns: 3287, Time: 00:57:12

Health: -10/94     AC: -3    Str: 29    XL:     12   Next: 83%
Magic:  25/25      EV: 22    Int: 35    God:    Cheibriados [*****.]
Gold:   1          SH:  8    Dex: 33    Spells: 9/29 levels left

rFire    . . .     SeeInvis .   a - +10 hand axe of the Scavenger {chop, +Fly Int+4}
rCold    . . .     Gourm    .   D - +0 buckler
rNeg     . . .     Faith    .   B - +0 troll leather armour
rPois    +         Spirit   .   E - +2 hat
rElec    .         Reflect  .   (no cloak)
rCorr    .         Harm     .   G - +0 pair of gloves
MR       .....                  (no boots)
Stlth    +++++.....             x - amulet of the Sneaky Nights {RegenMP rPois Dex+2}
HPRegen  0.65/turn              C - +3 ring of dexterity
MPRegen  0.44/turn              y - +3 ring of strength

@: corroded, very slow
A: distributed training, fangs 1, strong nose
a: Bend Time, Temporal Distortion, Slouch, Step From Time, Renounce Religion,
Evoke Flight


You were on level 1 of the Lair of Beasts.
You worshipped Cheibriados.
Cheibriados was extremely pleased with you.
You were not hungry.

You visited 4 branches of the dungeon, and saw 16 of its levels.

You collected 563 gold pieces.
You spent 562 gold pieces at shops.

Inventory:

Hand Weapons
 a - the +10 hand axe of the Scavenger (weapon) {chop, +Fly Int+4}
   (You found it on level 6 of the Dungeon)

   It inflicts extra damage upon your enemies.
   It affects your intelligence (+4).
   It lets you fly.
 b - a +0 dagger of venom
   (You took it off an orc wizard on level 6 of the Dungeon)
 e - a +2 war axe of draining
   (You took it off an orc warrior on level 2 of the Orcish Mines)
 j - a +1 short sword of holy wrath
   (You took it off an orc on level 5 of the Dungeon)
 m - a +0 hunting sling
 U - a +1 war axe of venom
   (You took it off an orc warlord on level 2 of the Orcish Mines)
 Y - a +0 trident
Missiles
 g - 158 arrows
 h - 5 curare-tipped needles
 n - 73 stones
 T - 14 tomahawks (quivered)
Armour
 f - a +0 leather armour
 w - a +0 helmet
 B - a +0 troll leather armour (worn)
 D - a +0 buckler (worn)
 E - a +2 hat (worn)
 G - a +0 pair of gloves (worn)
 K - a -1 scale mail
 O - a +0 shield
 V - a +0 leather armour of magic resistance
   (You found it on level 7 of the Dungeon)
Magical Staves
 P - an uncursed staff of air {unknown}
   (You found it on level 8 of the Dungeon)
Jewellery
 x - the amulet of the Sneaky Nights (around neck) {RegenMP rPois Dex+2}
   (You found it on level 7 of the Dungeon)

   [amulet of magic regeneration]

   It increases your magic regeneration.
   It affects your dexterity (+2).
   It protects you from poison.
 y - a +3 ring of strength (right hand)
   (You found it on level 9 of the Dungeon)
 C - a +3 ring of dexterity (left hand)
   (You found it on level 6 of the Dungeon)
 L - an uncursed ring of fire
   (You found it on level 9 of the Dungeon)
 R - an uncursed amulet of magic regeneration
   (You found it on level 1 of the Dungeon)
Wands
 p - a wand of paralysis (21)
 F - a wand of enslavement (6)
 M - a wand of digging (12)
 W - a wand of acid (13)
Scrolls
 i - 5 scrolls of identify
 l - 9 scrolls of teleportation
 o - 2 scrolls of enchant weapon
 r - a scroll of remove curse
 s - 2 scrolls of fear
 u - a scroll of noise
 v - a scroll of immolation
 Q - 2 scrolls of amnesia
 X - a scroll of fog
 Z - a scroll of blinking
Potions
 k - 4 potions of curing
 t - a potion of flight
 z - 3 potions of agility
 H - 2 potions of might
 I - a potion of lignification
Books
 d - a book of Battle

   Spells                             Type                      Level
   a - Infusion                       Charms                       1
   b - Shroud of Golubria             Charms/Translocation         2
   c - Song of Slaying                Charms                       2
   d - Spectral Weapon                Hexes/Charms                 3
   e - Regeneration                   Charms/Necromancy            3
 q - a book of Misfortune
   (You found it on level 5 of the Dungeon)

   Spells                             Type                      Level
   a - Confusing Touch                Hexes                        1
   b - Confuse                        Hexes                        3
   c - Gell's Gravitas                Translocation                3
   d - Petrify                        Transmutation/Earth          4
   e - Metabolic Englaciation         Hexes/Ice                    5
   f - Yara's Violent Unravelling     Hexes/Transmutation          5
 A - a book of Minor Magic
   (You found it on level 4 of the Dungeon)

   Spells                             Type                      Level
   a - Magic Dart                     Conjuration                  1
   b - Blink                          Translocation                2
   c - Call Imp                       Summoning                    2
   d - Slow                           Hexes                        2
   e - Conjure Flame                  Conjuration/Fire             3
   f - Mephitic Cloud                 Conjuration/Poison/Air       3
 J - the Handbook of Yeast
   (You found it on level 8 of the Dungeon)

   Spells                             Type                      Level
   a - Fireball                       Conjuration/Fire             5
   b - Borgnjor's Vile Clutch         Necromancy/Earth             5
   c - Agony                          Necromancy                   5
   d - Dispel Undead                  Necromancy                   5
Miscellaneous
 N - a lamp of fire (inert)
Comestibles
 c - 8 rations


   Skills:
 + Level 8.9 Fighting
 + Level 7.5 Short Blades
 + Level 7.5 Long Blades
 + Level 8.9 Axes
 + Level 7.5 Maces & Flails
 + Level 7.5 Polearms
 + Level 7.5 Staves
 + Level 7.5 Slings
 + Level 7.5 Bows
 + Level 7.5 Crossbows
 + Level 7.5 Throwing
 + Level 8.0 Armour
 + Level 8.9 Dodging
 + Level 7.5 Stealth
 + Level 7.5 Shields
 + Level 7.5 Unarmed Combat
 + Level 9.1 Spellcasting
 + Level 6.2 Conjurations
 + Level 6.2 Hexes
 + Level 8.4 Charms
 + Level 6.2 Summonings
 + Level 6.2 Necromancy
 + Level 6.2 Translocations
 + Level 6.2 Transmutations
 + Level 6.2 Fire Magic
 + Level 6.2 Ice Magic
 + Level 6.2 Air Magic
 + Level 6.2 Earth Magic
 + Level 6.2 Poison Magic
 + Level 8.2 Invocations
 + Level 7.5 Evocations


You had 9 spell levels left.
You knew the following spells:

 Your Spells              Type           Power        Failure   Level  Hunger
b - Blink                 Tloc           N/A          1%          2    None
g - Shroud of Golubria    Chrm/Tloc      ######....   1%          2    None
m - Mephitic Cloud        Conj/Pois/Air  ######..     1%          3    None
r - Regeneration          Chrm/Necr      ######....   1%          3    None
v - Borgnjor's Vile Clut  Necr/Erth      ######....   6%          5    ###....
w - Spectral Weapon       Hex/Chrm       ######..     1%          3    None
y - Song of Slaying       Chrm           ######..     1%          2    None


Dungeon Overview and Level Annotations

Branches:
Dungeon (12/15)            Temple (1/1) D:7            Lair (1/6) D:9
    Orc (2/2) D:9             Elf (0/3) Orc:2

Altars:
Ashenzari
Cheibriados
Dithmenos
Elyvilon
Fedhas
Gozag
Hepliaklqana
Kikubaaqudgha
Nemelex Xobeh
Okawaru
Qazlal
Sif Muna
Trog
Uskayaw
Vehumet
Wu Jian
Xom
Yredelemnul
Zin
Beogh

Shops:
D:5 [   D:7 *   D:9 !   Orc:1 }   Orc:2 %?

Annotations:
Lair:1 exclusion: 3 oklob plants


Innate Abilities, Weirdness & Mutations

Your experience applies equally to all skills.
You have very sharp teeth.
Your uncanny sense of smell can sniff out nearby items.


Message History

Your song is almost over.
Your song has ended.
Evoke which item? (* to show all) (? for menu, Esc to quit)
Aiming: Dig
Press: ? - help, Shift-Dir - straight line, f - you The rock shatters into small pieces.
A spiny frog comes into view.
Found a potion of curing and 15 gold pieces.
Unknown command.
Marking area around the oklob plant as unsafe for travelling.
An oklob plant comes into view.
The spiny frog croaks.
The spiny frog stings the plant!
The spiny frog stings the plant.
Found a robe and 15 stones.
Unknown command.
Marking area around the oklob plant as unsafe for travelling.
An oklob plant comes into view.
The spiny frog stings the plant! x2
Found a paperback book.
You see here a potion of curing.
k - 4 potions of curing (gained 1)
The spiny frog stings the plant!
The spiny frog stings the plant!!
Unknown command.
Marking area around the oklob plant as unsafe for travelling.
An oklob plant comes into view.
The spiny frog stings the plant.
The plant is destroyed!
Found 19 gold pieces and a leather armour.
You block the spiny frog's attack.
Casting: Song of Slaying
Confirm with . or Enter, or press ? or * to list all spells.
You draw out your weapon's spirit!
You block the spiny frog's attack.
You completely miss the spiny frog. The spiny frog stings you!
You hit the spiny frog.
You bite the spiny frog, but do no damage.
The spiny frog is moderately wounded.
Your spectral weapon barely misses the spiny frog.
The spiny frog stings you.
You closely miss the spiny frog.
The spiny frog is lightly wounded.
Your spectral weapon misses the spiny frog.
The spiny frog completely misses you.
You slash the spiny frog! You bite the spiny frog.
The spiny frog is severely wounded.
Your spectral weapon hits the spiny frog but does no damage.
You block the spiny frog's attack.
You closely miss the spiny frog.
The spiny frog is severely wounded.
Your spectral weapon hits the spiny frog but does no damage.
The spiny frog closely misses you.
You slice the spiny frog!!
You kill the spiny frog!
Cheibriados thoroughly appreciates the change of pace.
Evoke which item? (* to show all) (? for menu, Esc to quit)
Okay, then.
Found a ration.
Unknown command.
The oklob plant spits acid at you. The splash of acid hits you!
You are splashed with acid!
The acid burns!
Unknown command.
The oklob plant spits acid at you. The splash of acid hits you!
The acid corrodes you!
You are splashed with acid!
The acid burns!
* * * LOW HITPOINT WARNING * * *
Unknown command.
You hit the oklob plant but do no damage.
You bite the oklob plant, but do no damage.
You hit the plant.
Your spectral weapon hits the oklob plant!
Your spectral weapon hits the plant but does no damage.
Your spectral weapon hits the plant!
You slash the oklob plant!
You bite the oklob plant, but do no damage.
The oklob plant is severely damaged.
You hit the plant but do no damage.
Your spectral weapon hits the oklob plant but does no damage.
Your spectral weapon hits the plant but does no damage.
Your spectral weapon hits the plant!
The oklob plant spits acid at you. The splash of acid hits you!
* * * LOW HITPOINT WARNING * * *
The acid corrodes you!
You are splashed with acid!
The acid burns!
* * * LOW HITPOINT WARNING * * *
Okay, then.
Unknown command.
Evoke which item? (* to show all) (? for menu, Esc to quit)
Okay, then.
Unknown command.
Unknown command.
Evoke which item? (* to show all) (? for menu, Esc to quit)
Aiming: Paralyse
Press: ? - help, Shift-Dir - straight line, f - oklob plant
Aim: an oklob plant (severely damaged, chance to defeat MR: 50%)
The oklob plant resists with some effort.
You hear the faint crackling of a very distant melting archway.
The oklob plant spits acid at you. The splash of acid hits you!
* * * LOW HITPOINT WARNING * * *
The acid corrodes you!
You are splashed with acid!
The acid burns!
You die...

#...........##
##............##
#..............
..............
#..........#####
#.........P.(:P#
#.#.......P.[P.#
.###.#........$P..#
......###....P@(.$#
.......#.....######
#..###### ##..###
###..## ### ##..###
..# ##..P##..#
#P.......#
#####....##


You could see 3 oklob plants and a friendly spectral hand axe of the Scavenger
{chop, +Fly Int+4}.

Vanquished Creatures
  3 orc warlords (Orc:2)
  Erolcha (Orc:1)
  2 two-headed ogres
  2 orc knights
  A wolf spider zombie (D:11)
  2 orc sorcerers
  A manticore (D:11)
  2 cyclopes (D:11)
  An oklob plant (Orc:2)
  A black mamba (Lair:1)
  The ghost of Velcidian the Chopper, a novice MiBe of Trog (D:7)
  A spiny frog (Lair:1)
  A komodo dragon (D:11)
  A red devil (Orc:2)
  2 trolls
  A wraith (D:11)
  13 yaks
  2 hungry ghosts
  Menkaure (D:5)
  A warg (Orc:1)
  A porcupine (D:9)
  A water moccasin (D:11)
  3 ice beasts
  29 orc warriors
  2 sky beasts
  2 black bears (D:9)
  A necrophage (D:11)
  A phantom (D:7)
  7 ogres
  6 centaurs
  7 bullfrogs
  A water moccasin zombie (D:10)
  A wyvern skeleton (D:6)
  4 wights (D:9)
  5 howler monkeys
  A crimson imp (D:6)
  4 jellies
  2 hounds
  19 orc priests
  16 orc wizards
  2 iguanas
  8 worker ants
  A hound skeleton (D:6)
  A howler monkey zombie (D:6)
  A worker ant zombie (D:6)
  9 adders
  2 shadow imps
  An ooze (D:4)
  A dart slug (D:2)
  6 leopard geckos
  67 orcs
  5 giant cockroaches
  5 goblins
  3 hobgoblins
  2 jackals (D:9)
  2 quokkas
  2 bats
  5 frilled lizards
  3 kobolds
  7 rats
  A plant (D:7)
287 creatures vanquished.

Vanquished Creatures (collateral kills)
  An orc warrior (Orc:2)
  An ogre (Orc:2)
  4 orcs (Orc:2)
6 creatures vanquished.

Vanquished Creatures (others)
  An orc warrior (Orc:2)
  12 fungi (D:9)
  5 plants
18 creatures vanquished.

Grand Total: 311 creatures vanquished

Notes
Turn   | Place    | Note
-------+----------+-------------------------------------------
     0 | D:1      | tidbits the Gnoll Skald began the quest for the Orb.
     0 | D:1      | Reached XP level 1. HP: 20/20 MP: 6/6
   115 | D:1      | Reached XP level 2. HP: 23/26 MP: 3/7
   119 | D:1      | Learned a level 2 spell: Song of Slaying
   162 | D:1      | Learned a level 2 spell: Shroud of Golubria
   261 | D:2      | Found an opulent altar of Gozag.
   264 | D:2      | Reached XP level 3. HP: 24/31 MP: 2/9
   272 | D:2      | Reached skill level 5 in Spellcasting
   294 | D:2      | Learned a level 3 spell: Regeneration
   299 | D:2      | Learned a level 3 spell: Spectral Weapon
   432 | D:3      | Reached skill level 1 in Short Blades
   432 | D:3      | Reached skill level 1 in Long Blades
   432 | D:3      | Reached skill level 1 in Maces & Flails
   432 | D:3      | Reached skill level 1 in Polearms
   432 | D:3      | Reached skill level 1 in Staves
   432 | D:3      | Reached skill level 1 in Slings
   432 | D:3      | Reached skill level 1 in Bows
   432 | D:3      | Reached skill level 1 in Crossbows
   432 | D:3      | Reached skill level 1 in Throwing
   432 | D:3      | Reached skill level 1 in Stealth
   432 | D:3      | Reached skill level 1 in Shields
   432 | D:3      | Reached skill level 1 in Unarmed Combat
   432 | D:3      | Reached skill level 1 in Invocations
   432 | D:3      | Reached skill level 1 in Evocations
   432 | D:3      | Reached XP level 4. HP: 17/38 MP: 6/11
   469 | D:3      | Reached skill level 1 in Conjurations
   469 | D:3      | Reached skill level 1 in Hexes
   469 | D:3      | Reached skill level 1 in Summonings
   469 | D:3      | Reached skill level 1 in Necromancy
   469 | D:3      | Reached skill level 1 in Translocations
   469 | D:3      | Reached skill level 1 in Transmutations
   469 | D:3      | Reached skill level 1 in Fire Magic
   469 | D:3      | Reached skill level 1 in Ice Magic
   469 | D:3      | Reached skill level 1 in Air Magic
   469 | D:3      | Reached skill level 1 in Earth Magic
   469 | D:3      | Reached skill level 1 in Poison Magic
   480 | D:5      | Entered Level 5 of the Dungeon
   500 | D:3      | Found a faded altar of an unknown god.
   536 | D:4      | Reached XP level 5. HP: 36/43 MP: 9/12
   619 | D:5      | Noticed a centaur
   632 | D:5      | Killed a centaur
   632 | D:5      | Reached skill level 3 in Armour
   632 | D:5      | Reached skill level 2 in Invocations
   632 | D:5      | Reached XP level 6. HP: 15/50 MP: 11/13
   664 | D:5      | Reached skill level 5 in Fighting
   664 | D:5      | Reached skill level 5 in Axes
   664 | D:5      | Reached skill level 5 in Dodging
   690 | D:5      | Reached skill level 2 in Short Blades
   690 | D:5      | Reached skill level 2 in Long Blades
   690 | D:5      | Reached skill level 2 in Maces & Flails
   690 | D:5      | Reached skill level 2 in Polearms
   690 | D:5      | Reached skill level 2 in Staves
   690 | D:5      | Reached skill level 2 in Slings
   690 | D:5      | Reached skill level 2 in Bows
   690 | D:5      | Reached skill level 2 in Crossbows
   690 | D:5      | Reached skill level 2 in Throwing
   690 | D:5      | Reached skill level 2 in Stealth
   690 | D:5      | Reached skill level 2 in Shields
   690 | D:5      | Reached skill level 2 in Unarmed Combat
   690 | D:5      | Reached skill level 2 in Evocations
   745 | D:5      | Found Aclonog's Antique Armour Emporium.
   785 | D:5      | Learned a level 2 spell: Blink
   795 | D:5      | Noticed Menkaure
   805 | D:5      | Killed Menkaure
   805 | D:5      | Reached XP level 7. HP: 52/56 MP: 8/15
   868 | D:6      | Reached skill level 2 in Conjurations
   868 | D:6      | Reached skill level 2 in Hexes
   868 | D:6      | Reached skill level 2 in Summonings
   868 | D:6      | Reached skill level 2 in Necromancy
   868 | D:6      | Reached skill level 2 in Translocations
   868 | D:6      | Reached skill level 2 in Transmutations
   868 | D:6      | Reached skill level 2 in Fire Magic
   868 | D:6      | Reached skill level 2 in Ice Magic
   868 | D:6      | Reached skill level 2 in Air Magic
   868 | D:6      | Reached skill level 2 in Earth Magic
   868 | D:6      | Reached skill level 2 in Poison Magic
   964 | D:5      | Reached skill level 3 in Invocations
   977 | D:6      | Reached skill level 6 in Charms
   977 | D:6      | Reached XP level 8. HP: 63/63 MP: 14/16
   992 | D:7      | Reached skill level 4 in Armour
  1010 | D:7      | Reached skill level 3 in Short Blades
  1010 | D:7      | Reached skill level 3 in Long Blades
  1010 | D:7      | Reached skill level 3 in Maces & Flails
  1010 | D:7      | Reached skill level 3 in Polearms
  1010 | D:7      | Reached skill level 3 in Staves
  1010 | D:7      | Reached skill level 3 in Slings
  1010 | D:7      | Reached skill level 3 in Bows
  1010 | D:7      | Reached skill level 3 in Crossbows
  1010 | D:7      | Reached skill level 3 in Throwing
  1010 | D:7      | Reached skill level 3 in Stealth
  1010 | D:7      | Reached skill level 3 in Shields
  1010 | D:7      | Reached skill level 3 in Unarmed Combat
  1010 | D:7      | Reached skill level 3 in Evocations
  1021 | D:7      | Got a sparkling iron amulet
  1047 | D:7      | Reached skill level 6 in Spellcasting
  1168 | D:6      | Reached skill level 3 in Conjurations
  1168 | D:6      | Reached skill level 3 in Hexes
  1168 | D:6      | Reached skill level 3 in Summonings
  1168 | D:6      | Reached skill level 3 in Necromancy
  1168 | D:6      | Reached skill level 3 in Translocations
  1168 | D:6      | Reached skill level 3 in Transmutations
  1168 | D:6      | Reached skill level 3 in Fire Magic
  1168 | D:6      | Reached skill level 3 in Ice Magic
  1168 | D:6      | Reached skill level 3 in Air Magic
  1168 | D:6      | Reached skill level 3 in Earth Magic
  1168 | D:6      | Reached skill level 3 in Poison Magic
  1168 | D:6      | Reached skill level 4 in Invocations
  1179 | D:6      | Identified the amulet of the Sneaky Nights {RegenMP rPois Dex+2} (You found it on level 7 of the Dungeon)
  1189 | D:6      | Got an ancient hand axe
  1190 | D:6      | Identified the +10 hand axe of the Scavenger {chop, +Fly Int+4} (You found it on level 6 of the Dungeon)
  1206 | D:6      | Reached skill level 6 in Fighting
  1206 | D:6      | Reached skill level 6 in Axes
  1206 | D:6      | Reached skill level 6 in Dodging
  1206 | D:6      | Reached XP level 9. HP: 64/69 MP: 11/18
  1277 | D:7      | Noticed Velcidian's ghost (novice MiBe)
  1288 | D:7      | Killed Velcidian's ghost
  1288 | D:7      | Reached skill level 4 in Short Blades
  1288 | D:7      | Reached skill level 4 in Long Blades
  1288 | D:7      | Reached skill level 4 in Maces & Flails
  1288 | D:7      | Reached skill level 4 in Polearms
  1288 | D:7      | Reached skill level 4 in Staves
  1288 | D:7      | Reached skill level 4 in Slings
  1288 | D:7      | Reached skill level 4 in Bows
  1288 | D:7      | Reached skill level 4 in Crossbows
  1288 | D:7      | Reached skill level 4 in Throwing
  1288 | D:7      | Reached skill level 4 in Stealth
  1288 | D:7      | Reached skill level 4 in Shields
  1288 | D:7      | Reached skill level 4 in Unarmed Combat
  1288 | D:7      | Reached skill level 4 in Evocations
  1316 | D:7      | Found a staircase to the Ecumenical Temple.
  1337 | Temple   | Entered the Ecumenical Temple
  1438 | D:7      | Found Cexaf's General Store.
  1444 | D:7      | Bought 2 scrolls of teleportation for 78 gold pieces
  1444 | D:7      | Bought a scroll of identify for 26 gold pieces
  1444 | D:7      | Bought a potion of might for 52 gold pieces
  1475 | D:8      | Found a snail-covered altar of Cheibriados.
  1493 | D:8      | Became a worshipper of Cheibriados the Contemplative
  1507 | D:8      | Identified the Handbook of Yeast
  1526 | D:8      | Learned a level 5 spell: Borgnjor's Vile Clutch
  1530 | D:8      | Learned a level 3 spell: Mephitic Cloud
  1636 | D:7      | Found a bloodstained altar of Trog.
  1651 | D:8      | Reached skill level 5 in Armour
  1666 | D:10     | Entered Level 10 of the Dungeon
  1880 | D:12     | Noticed a two-headed ogre
  1924 | D:11     | Reached skill level 5 in Invocations
  1967 | D:11     | Noticed a manticore
  1971 | D:10     | Reached * piety under Cheibriados
  2013 | D:10     | Noticed a troll
  2022 | D:10     | Reached XP level 10. HP: 64/77 MP: 15/20
  2026 | D:10     | Reached skill level 7 in Spellcasting
  2029 | D:10     | Reached skill level 4 in Conjurations
  2029 | D:10     | Reached skill level 4 in Hexes
  2029 | D:10     | Reached skill level 4 in Summonings
  2029 | D:10     | Reached skill level 4 in Necromancy
  2029 | D:10     | Reached skill level 4 in Translocations
  2029 | D:10     | Reached skill level 4 in Transmutations
  2029 | D:10     | Reached skill level 4 in Fire Magic
  2029 | D:10     | Reached skill level 4 in Ice Magic
  2029 | D:10     | Reached skill level 4 in Air Magic
  2029 | D:10     | Reached skill level 4 in Earth Magic
  2029 | D:10     | Reached skill level 4 in Poison Magic
  2036 | D:10     | Reached skill level 5 in Short Blades
  2036 | D:10     | Reached skill level 5 in Long Blades
  2036 | D:10     | Reached skill level 5 in Maces & Flails
  2036 | D:10     | Reached skill level 5 in Polearms
  2036 | D:10     | Reached skill level 5 in Staves
  2036 | D:10     | Reached skill level 5 in Slings
  2036 | D:10     | Reached skill level 5 in Bows
  2036 | D:10     | Reached skill level 5 in Crossbows
  2036 | D:10     | Reached skill level 5 in Throwing
  2036 | D:10     | Reached skill level 5 in Stealth
  2036 | D:10     | Reached skill level 5 in Shields
  2036 | D:10     | Reached skill level 5 in Unarmed Combat
  2036 | D:10     | Reached skill level 5 in Evocations
  2112 | D:11     | Reached skill level 7 in Charms
  2145 | D:11     | Noticed a manticore
  2156 | D:11     | Killed a manticore
  2156 | D:11     | Reached skill level 7 in Fighting
  2156 | D:11     | Reached skill level 7 in Axes
  2156 | D:11     | Reached skill level 7 in Dodging
  2202 | D:11     | Noticed a cyclops
  2210 | D:11     | Killed a cyclops
  2210 | D:11     | Reached skill level 6 in Armour
  2248 | D:11     | Reached skill level 6 in Invocations
  2266 | D:11     | Noticed a cyclops
  2274 | D:11     | Killed a cyclops
  2343 | D:10     | Noticed a two-headed ogre
  2350 | D:10     | Killed a two-headed ogre
  2350 | D:10     | Reached XP level 11. HP: 50/84 MP: 19/22
  2455 | D:9      | Found a shattered altar of Ashenzari.
  2471 | D:9      | Reached ** piety under Cheibriados
  2492 | D:9      | Reached skill level 6 in Short Blades
  2492 | D:9      | Reached skill level 6 in Long Blades
  2492 | D:9      | Reached skill level 6 in Maces & Flails
  2492 | D:9      | Reached skill level 6 in Polearms
  2492 | D:9      | Reached skill level 6 in Staves
  2492 | D:9      | Reached skill level 6 in Slings
  2492 | D:9      | Reached skill level 6 in Bows
  2492 | D:9      | Reached skill level 6 in Crossbows
  2492 | D:9      | Reached skill level 6 in Throwing
  2492 | D:9      | Reached skill level 6 in Stealth
  2492 | D:9      | Reached skill level 6 in Shields
  2492 | D:9      | Reached skill level 6 in Unarmed Combat
  2492 | D:9      | Reached skill level 6 in Evocations
  2499 | D:9      | Reached skill level 5 in Conjurations
  2499 | D:9      | Reached skill level 5 in Hexes
  2499 | D:9      | Reached skill level 5 in Summonings
  2499 | D:9      | Reached skill level 5 in Necromancy
  2499 | D:9      | Reached skill level 5 in Translocations
  2499 | D:9      | Reached skill level 5 in Transmutations
  2499 | D:9      | Reached skill level 5 in Fire Magic
  2499 | D:9      | Reached skill level 5 in Ice Magic
  2499 | D:9      | Reached skill level 5 in Air Magic
  2499 | D:9      | Reached skill level 5 in Earth Magic
  2499 | D:9      | Reached skill level 5 in Poison Magic
  2514 | D:9      | Found a roughly hewn altar of Beogh.
  2514 | D:9      | Found a staircase to the Orcish Mines.
  2541 | D:9      | Reached *** piety under Cheibriados
  2550 | Orc:1    | Entered Level 1 of the Orcish Mines
  2550 | Orc:1    | Noticed an orc sorcerer
  2558 | Orc:1    | Killed an orc sorcerer
  2558 | Orc:1    | Reached skill level 8 in Spellcasting
  2592 | Orc:2    | Entered Level 2 of the Orcish Mines
  2592 | Orc:2    | Noticed an orc warlord
  2603 | Orc:2    | Killed an orc warlord
  2603 | Orc:2    | Reached skill level 7 in Invocations
  2609 | Orc:2    | Reached skill level 8 in Fighting
  2609 | Orc:2    | Reached skill level 8 in Axes
  2609 | Orc:2    | Reached skill level 7 in Armour
  2609 | Orc:2    | Reached skill level 8 in Dodging
  2612 | Orc:2    | Noticed an orc sorcerer
  2616 | Orc:2    | Noticed an orc warlord
  2620 | Orc:2    | Killed an orc sorcerer
  2624 | Orc:2    | Reached **** piety under Cheibriados
  2636 | Orc:2    | Killed an orc warlord
  2644 | Orc:2    | Found a staircase to the Elven Halls.
  2649 | Orc:2    | Reached XP level 12. HP: 54/93 MP: 9/24
  2650 | Orc:2    | Noticed an orc warlord
  2680 | Orc:2    | Killed an orc warlord
  2680 | Orc:2    | Reached skill level 8 in Charms
  2742 | Orc:1    | Found Xiess's Gadget Shop.
  2742 | Orc:1    | Noticed Erolcha
  2745 | Orc:1    | Killed Erolcha
  2748 | Orc:1    | Reached skill level 7 in Short Blades
  2748 | Orc:1    | Reached skill level 7 in Long Blades
  2748 | Orc:1    | Reached skill level 7 in Maces & Flails
  2748 | Orc:1    | Reached skill level 7 in Polearms
  2748 | Orc:1    | Reached skill level 7 in Staves
  2748 | Orc:1    | Reached skill level 7 in Slings
  2748 | Orc:1    | Reached skill level 7 in Bows
  2748 | Orc:1    | Reached skill level 7 in Crossbows
  2748 | Orc:1    | Reached skill level 7 in Throwing
  2748 | Orc:1    | Reached skill level 7 in Stealth
  2748 | Orc:1    | Reached skill level 7 in Shields
  2748 | Orc:1    | Reached skill level 7 in Unarmed Combat
  2748 | Orc:1    | Reached skill level 7 in Evocations
  2904 | Orc:2    | Found Ingurchum's Magic Scroll Emporium.
  2919 | Orc:2    | Reached skill level 6 in Conjurations
  2919 | Orc:2    | Reached skill level 6 in Hexes
  2919 | Orc:2    | Reached skill level 6 in Summonings
  2919 | Orc:2    | Reached skill level 6 in Necromancy
  2919 | Orc:2    | Reached skill level 6 in Translocations
  2919 | Orc:2    | Reached skill level 6 in Transmutations
  2919 | Orc:2    | Reached skill level 6 in Fire Magic
  2919 | Orc:2    | Reached skill level 6 in Ice Magic
  2919 | Orc:2    | Reached skill level 6 in Air Magic
  2919 | Orc:2    | Reached skill level 6 in Earth Magic
  2919 | Orc:2    | Reached skill level 6 in Poison Magic
  2920 | Orc:2    | Found Tar Nogew's Food Shoppe.
  2953 | Orc:2    | Reached ***** piety under Cheibriados
  2953 | Orc:2    | Reached skill level 8 in Invocations
  2965 | Orc:2    | Bought a scroll of blinking for 105 gold pieces
  2965 | Orc:2    | Bought a scroll of teleportation for 42 gold pieces
  2965 | Orc:2    | Bought a scroll of fear for 49 gold pieces
  2965 | Orc:2    | Bought a scroll of identify for 28 gold pieces
  2965 | Orc:2    | Bought a scroll of fear for 49 gold pieces
  2965 | Orc:2    | Bought a scroll of immolation for 49 gold pieces
  2965 | Orc:2    | Bought a scroll of identify for 28 gold pieces
  2965 | Orc:2    | Bought a scroll of identify for 28 gold pieces
  2965 | Orc:2    | Bought a scroll of identify for 28 gold pieces
  3071 | D:9      | Found a basalt altar of Yredelemnul.
  3138 | D:9      | Found Qudojymu's Distillery.
  3158 | D:9      | Noticed a two-headed ogre
  3166 | D:9      | Reached skill level 9 in Spellcasting
  3172 | D:9      | Killed a two-headed ogre
  3215 | D:9      | Found a staircase to the Lair.
  3220 | Lair:1   | Entered Level 1 of the Lair of Beasts
  3249 | Lair:1   | Reached skill level 8 in Armour
  3287 | Lair:1   | HP: 1/94 [oklob plant/splash of acid (12)]
  3287 | Lair:1   | Splashed by an oklob plant's acid

Skill      XL: |  1  2  3  4  5  6  7  8  9 10 11 12 |
---------------+-------------------------------------+-----
Spellcasting   | 5 6 7 8 9 |  9.1
Short Blades   | 1 2 3 4 5 6 7 |  7.5
Long Blades    | 1 2 3 4 5 6 7 |  7.5
Maces & Flails | 1 2 3 4 5 6 7 |  7.5
Polearms       | 1 2 3 4 5 6 7 |  7.5
Staves         | 1 2 3 4 5 6 7 |  7.5
Slings         | 1 2 3 4 5 6 7 |  7.5
Bows           | 1 2 3 4 5 6 7 |  7.5
Crossbows      | 1 2 3 4 5 6 7 |  7.5
Throwing       | 1 2 3 4 5 6 7 |  7.5
Stealth        | 1 2 3 4 5 6 7 |  7.5
Shields        | 1 2 3 4 5 6 7 |  7.5
Unarmed Combat | 1 2 3 4 5 6 7 |  7.5
Invocations    | 1 2 3 4 5 6 7 8 |  8.2
Evocations     | 1 2 3 4 5 6 7 |  7.5
Conjurations   | 1 2 3 4 5 6 |  6.2
Hexes          | 1 2 3 4 5 6 |  6.2
Summonings     | 1 2 3 4 5 6 |  6.2
Necromancy     | 1 2 3 4 5 6 |  6.2
Translocations | 1 2 3 4 5 6 |  6.2
Transmutations | 1 2 3 4 5 6 |  6.2
Fire Magic     | 1 2 3 4 5 6 |  6.2
Ice Magic      | 1 2 3 4 5 6 |  6.2
Air Magic      | 1 2 3 4 5 6 |  6.2
Earth Magic    | 1 2 3 4 5 6 |  6.2
Poison Magic   | 1 2 3 4 5 6 |  6.2
Armour         | 3 4 5 6 7 8 |  8.0
Fighting       | 5 6 7 8 |  8.9
Axes           | 5 6 7 8 |  8.9
Dodging        | 5 6 7 8 |  8.9
Charms         | 6 7 8 |  8.4

Action                   |  1- 3 |  4- 6 |  7- 9 | 10-12 || total
-------------------------+-------+-------+-------+-------++-------
Melee: Hand axe          |    69 |    33 |   101 |   217 ||   420
       Bite              |     5 |     5 |    29 |    49 ||    88
       Flail             |       |    16 |    34 |       ||    50
       Short sword       |       |       |    10 |       ||    10
       Dagger            |       |       |    18 |     5 ||    23
       Punch             |       |       |     1 |       ||     1
Throw: Tomahawk          |       |       |     3 |    42 ||    45
       Stone             |       |       |     1 |     2 ||     3
 Cast: Infusion          |     5 |       |       |       ||     5
       Song of Slaying   |     6 |     5 |     9 |    13 ||    33
       Spectral Weapon   |     1 |    10 |    27 |    25 ||    63
       Regeneration      |     1 |    10 |     9 |    11 ||    31
       Shroud of Golubri |       |     1 |    11 |     6 ||    18
       Blink             |       |       |     1 |     1 ||     2
       Borgnjor's Vile C |       |       |       |    14 ||    14
Invok: Slouch            |       |       |       |     2 ||     2
Evoke: Wand              |       |       |     1 |    25 ||    26
       Lamp of fire      |       |       |       |     1 ||     1
  Use: Scroll            |     2 |     5 |     9 |     1 ||    17
 Stab: Sleeping          |       |       |     4 |       ||     4
       Paralysed         |       |       |       |     5 ||     5
       Distracted        |       |       |       |     2 ||     2
  Eat: Chunk             |       |     1 |     4 |     6 ||    11
       Ration            |       |       |     1 |       ||     1
Armor: Leather armour    |    17 |     6 |    14 |    12 ||    49
       Scale mail        |       |       |     4 |       ||     4
       Troll leather arm |       |       |       |     4 ||     4
Dodge: Dodged            |    37 |    36 |    92 |   119 ||   284
Block: Buckler           |       |       |     3 |    75 ||    78

Table legend:
 A = Turns spent in this place as a percentage of turns spent in the entire game.
 B = Non-inter-level travel turns spent in this place as a percentage of non-inter-level travel turns spent in the entire game.
 C = Inter-level travel turns spent in this place as a percentage of turns spent in this place.
 D = Turns resting spent in this place as a percentage of non-inter-level travel turns spent in this place.
 E = Turns spent auto-exploring this place as a percentage of non-inter-level travel turns spent in this place.
 F = Non-inter-level travel turns spent in this place divided by the number of levels of this place that you've seen.
                   A       B       C       D       E      F
               +-------+-------+-------+-------+-------+----------------------
         Total | 100.0 | 100.0 |   0.7 |   0.0 |   0.0 | 204.0
       Dungeon |  81.7 |  81.6 |   0.9 |   0.0 |   0.0 | 222.0
        Temple |   2.1 |   2.1 |   0.0 |   0.0 |   0.0 |  68.0
          Lair |   2.0 |   2.1 |   0.0 |   0.0 |   0.0 |  67.0
  Orcish Mines |  14.1 |  14.2 |   0.0 |   0.0 |   0.0 | 232.5
               +-------+-------+-------+-------+-------+----------------------

Table legend:
 A = Kills in this place as a percentage of kills in entire the game.
 B = Kills by you in this place as a percentage of kills by you in the entire game.
 C = Kills by friends in this place as a percentage of kills by friends in the entire game.
 D = Other kills in this place as a percentage of other kills in the entire game.
 E = Experience gained in this place as a percentage of experience gained in the entire game.
 F = Experience gained in this place divided by the number of levels of this place that you have seen.
                   A       B       C       D       E      F
               +-------+-------+-------+-------+-------+----------------------
         Total | 100.0 | 100.0 | 100.0 |   N/A | 100.0 | 1855.6
       Dungeon |  66.1 |  67.5 |   0.0 |   N/A |  47.9 | 1186.0
          Lair |   2.1 |   2.1 |   0.0 |   N/A |   5.6 | 1674.0
  Orcish Mines |  31.8 |  30.4 | 100.0 |   N/A |  46.4 | 6891.5
               +-------+-------+-------+-------+-------+----------------------

Vault maps used:
D:1:      mushboom_english_gardens, minmay_tetromino_o4
D:2:      nicolae_gozag_seed_capital, cheibrodos_gnoll_hut
D:3:      nicolae_ashenzari_panopticon, chequers_ecumenical_altar_simple
D:4:      tso_oasis_becter, makhleb_heckhound_becter, first_ration
D:5:      serial_shops, nicolae_shop_trees, uniq_menkaure
D:6:      nicolae_ru_the_path_less_chosen, grunt_potential
D:7:      old_standard_altar, minmay_temple_entry_overgrown, serial_shops, shop,
          minmay_misc_feat_roman, uniq_joseph
D:8:      old_standard_altar
D:9:      marbit_many_paths, grunt_lair_entry_orc_guard_hut, david_orc_5,
          basic_altar, serial_shops, shop
D:10:     basic_altar
D:12:     hangedman_fish_farm, serial_bayou_pond_b
Temple:   jpeg_temple_clearing
Lair:1:   portal_ice_cave_demonic_guard, minmay_stone_trees_small,
          grunt_megastairs_3, minmay_lair_oklob_chamber
Orc:1:    serial_shops, shop, shop, nicolae_orc_lost_temple, uniq_erolcha
Orc:2:    pf_orc_diabolical, nicolae_orc_lava_tube, mines3_lemuel, uniq_rupert
